 Dungeon Crawl Stone Soup version 0.31-a0-1074-g0b22e4e0f1 (webtiles) character file.

Game seed: 2967622633743939772

55 IdlyInterested the Trooper (level 3, -5/29 HPs)
             Began as a Demonspawn Fighter on Nov 29, 2023.
             Slain by an orc
             ... wielding a +0 morningstar
              (9 damage)
             ... on level 3 of the Dungeon.
             The game lasted 00:05:32 (1491 turns).

IdlyInterested the Trooper (Demonspawn Fighter)     Turns: 1491, Time: 00:05:32

Health: -5/29      AC: 11    Str: 16    XL:     3   Next: 67%
Magic:  3/3        EV:  9    Int: 11    God:
Gold:   103        SH:  4    Dex: 12    Spells: 2/2 levels left

rFire   . . .        e - +0 spear (venom)
rCold   . . .        c - +0 buckler
rNeg    . . .        g - +0 plate armour
rPois   .            (no helmet)
rElec   .            (no cloak)
rCorr   .            (no gloves)
SInv    .            (no boots)
Will    .....        (no amulet) Stlth
                     q - +5 ring of evasion
HPRegen 0.24/turn    (no ring)
MPRegen 0.08/turn

%: no passive effects
@: no status effects
A: powered by death 1, demonic magic 1
a: no special abilities


You were on level 3 of the Dungeon.
You visited 1 branch of the dungeon, and saw 3 of its levels.

You collected 103 gold pieces.

Inventory:

Hand Weapons
 e - a +0 spear of venom (weapon)
 i - a +0 short sword
 m - a +0 dagger
Missiles
 l - 30 stones (quivered)
 u - 8 poisoned darts
 x - 5 curare-tipped darts
Armour
 b - a +0 scale mail
 c - a +0 buckler (worn)
 g - a +0 plate armour (worn)
 t - a +0 ring mail
Jewellery
 q - a +5 ring of evasion (left hand)
Scrolls
 f - a scroll of fog {unknown}
 h - a scroll of vulnerability {unknown}
 k - 2 scrolls of fear {unknown}
 n - 2 scrolls of identify {unknown}
 p - a scroll of teleportation {unknown}
 w - a scroll of revelation {unknown}
 y - 3 scrolls of poison {unknown}
Potions
 d - a potion of might
 j - a potion of lignification
 o - a potion of enlightenment
 r - a potion of heal wounds {unknown}
 s - a potion of cancellation {unknown}
 v - a potion of degeneration {unknown}


   Skills:
 - Level 3.2 Fighting
 * Level 1.8 Short Blades
 - Level 1.7 Axes
 - Level 3.0 Armour
 - Level 1.0 Dodging
 - Level 1.0 Stealth
 - Level 2.6 Shields
 + Level 0.1 Spellcasting


You had 2 spell levels left.
You didn't know any spells.
Your spell library contained the following spells:

 Spells                   Type           Power      Damage    Failure   Level
 Blink                    Tloc           0%         N/A       100%        2
 Manifold Assault         Tloc           0%         N/A       100%        4
 Haunt                    Necr/Summ      0%         N/A       100%        7
 Borgnjor's Revivificati  Necr           0%         N/A       100%        8
 Death's Door             Necr           0%         N/A       100%        9


Dungeon Overview and Level Annotations

Branches:
Dungeon (3/15)

Altars:


Innate Abilities, Weirdness & Mutations

You regenerate a little health from kills.
Spells you cast may paralyse adjacent enemies.


Message History

Reactivating autopickup.
The orc hits you with a +0 morningstar.
* * * LOW HITPOINT WARNING * * *
You block the phantom's attack.
You closely miss the phantom. You block the orc's attack.
The orc wizard points at you and mumbles some strange words.
The magic dart hits you.
* * * LOW HITPOINT WARNING * * *
The phantom completely misses you.
You barely miss the phantom. The orc closely misses you.
The orc wizard barely misses you.
The phantom hits you but does no damage.
You miss the phantom. The orc barely misses you.
The orc wizard closely misses you.
The phantom hits you but does no damage.
You hit the phantom.
The phantom is lightly damaged.
You block the orc's attack. The orc wizard closely misses you.
You block the phantom's attack.
You closely miss the phantom.
The phantom is lightly damaged.
The orc closely misses you.
The orc wizard hits you but does no damage.
The phantom barely misses you.
You closely miss the phantom.
The phantom is lightly damaged.
The orc hits you with a +0 morningstar.
* * * LOW HITPOINT WARNING * * *
You block the orc wizard's attack.
The phantom hits you but does no damage.
The orc wizard attacks as it pursues you!
The orc wizard hits you but does no damage.
The orc wizard gestures wildly while chanting.
The orc wizard flickers and vanishes!
Deactivating autopickup; reactivate with Ctrl-A.
A bat comes into view.
The phantom hits you but does no damage.
The bat hits you but does no damage. The orc attacks as it pursues you!
The orc hits you with a +0 morningstar!
You die...

.........).....>..#.....#..#
#.###...........###...###.#
#.†.)............#.....#..#
#.....###...<................##
#..... #.......##.....#.#####
....../ .###.....##...###.#
...#...#.........##..## .# ..
##...####...Wo##..# .# . ...
#....@#..## .# ##. ......b....#
#.# ####..#....# ..#
#..#....####.######
#..........<........
...#............###.
...##.#....##.)..# ###
######..###..# #.. ...#


You could see a phantom, an orc and a bat.

Vanquished Creatures
  An adder (D:2)
  A worm (D:2)
  3 orcs (D:3)
  7 ball pythons
  4 endoplasms
  2 giant cockroaches (D:1)
  4 goblins (D:1)
  A hobgoblin (D:1)
  3 kobolds
  A quokka (D:2)
  6 bats
  3 frilled lizards
  2 rats (D:2)
38 creatures vanquished.

Notes
Turn   | Place    | Note
-------+----------+-------------------------------------------
     0 | D:1      | IdlyInterested the Demonspawn Fighter began the quest for
                  | the Orb.
     0 | D:1      | Reached XP level 1. HP: 18/18 MP: 1/1
   106 | D:1      | Gained mutation: Spells you cast may paralyse adjacent
                  | enemies. [demonic ancestry]
   106 | D:1      | Reached XP level 2. HP: 24/24 MP: 2/2
   228 | D:1      | Found a faded altar of an unknown god.
   335 | D:1      | Reached skill level 1 in Dodging
   627 | D:1      | Reached skill level 1 in Short Blades
   727 | D:2      | Gained mutation: You regenerate a little health from kills.
                  | [demonic ancestry]
   727 | D:2      | Reached XP level 3. HP: 28/29 MP: 3/3
  1384 | D:3      | Reached skill level 1 in Stealth
  1464 | D:3      | Noticed a phantom
  1491 | D:3      | Slain by an orc

Illustrated notes

Levels and vault maps discovered:
D:1:      eino_arrival_druids_welcome, layout_rooms,
          shapermc_ecumenical_altar_gd, chequers_serial_rivers_small_3
D:2:      layout_loops_ring
D:3:      layout_rooms, minmay_strange_pillars, minmay_misc_feat_rugged,
          uniq_sigmund, uniq_crazy_yiuf_cottage

Skill      XL: |  1  2  3 |
---------------+----------+-----
Armour         | 3 |  3.0
Dodging        | 1 |  1.0
Short Blades   | 1 |  1.8
Stealth        | 1 |  1.0
Fighting       | |  3.2
Axes           | |  1.7
Shields        | |  2.6
Spellcasting   | |  0.1

Action                     || total
---------------------------++-------
  Melee: Spear             ||   127
    Use: Potion            ||     2
 Armour: Scale mail        ||     6
         Plate armour      ||    90
  Dodge: Dodged            ||    46
  Block: Buckler           ||    17

Table legend: (Time is in decaauts)
 A = Elapsed time spent in this place.
 B = Non-inter-level travel time spent in this place.
 C = Inter-level travel time spent in this place.
 D = Time resting spent in this place.
 E = Time spent auto-exploring this place.
 F = Levels seen in this place.
 G = Mean time per level.
                   A        B        C        D        E       F      G
               +--------+--------+--------+--------+--------+-----+--------+
         Total |   1504 |   1343 |    161 |     25 |    918 |   3 |  501.3 |
       Dungeon |   1504 |   1343 |    161 |     25 |    918 |   3 |  501.3 |
               +--------+--------+--------+--------+--------+-----+--------+

Top non-repeatable levels by time:
     D:2: 695 daAuts
     D:1: 692 daAuts
     D:3: 115 daAuts
